 Dungeon Sprint DCSS version 0.28-a0-384-g9e0c098162 (webtiles) character file.

Game seed: 11234580759386347986

2290 MikeHunt the Cleaver (level 9, -17/144 HPs)
             Began as a Minotaur Berserker on Sept 2, 2021.
             Was a High Priest of Trog.
             Demolished by an orc knight (32 damage)
             ... in the Dungeon (Sprint III: "The Ten Rune Challenge").
             The game lasted 00:03:45 (1225 turns).

MikeHunt the Cleaver (Minotaur Berserker)           Turns: 1225, Time: 00:03:45

Health: -17/144    AC:  2    Str: 21    XL:     9   Next: 17%
Magic:  8/8        EV: 14    Int:  4    God:    Trog [*****.]
Gold:   61         SH:  0    Dex: 14    Spells: 8/8 levels left

rFire   . . .      SeeInvis .   s - +3 battleaxe (flame) {god gift}
rCold   . . .      Faith    .   (shield currently unavailable)
rNeg    . . .      Spirit   .   b - +0 animal skin
rPois   .          Reflect  .   (helmet restricted)
rElec   .          Harm     .   (no cloak)
rCorr   .          Rampage  .   (no gloves)
Will    ++...      NoTele   +   (no boots)
Stlth   ..........              (no amulet)
HPRegen 1.34/turn               (no ring)
MPRegen 0.11/turn               (no ring)

@: berserking (expiring), strong-willed, regenerating, very quick
A: horns 2, retaliatory headbutt
a: Renounce Religion, Berserk, Trog's Hand, Brothers in Arms


You were in the Dungeon.
You worshipped Trog.
Trog was extremely pleased with you.
You visited 1 branch You collected 61 gold pieces.

Inventory:

Hand Weapons
 a - a +0 hand axe
 s - a +3 battleaxe of flaming (weapon) {god gift}
 t - a +4 antimagic broad axe {god gift}
Missiles
 u - 4 boomerangs
Armour
 b - a +0 animal skin (worn)
Wands
 q - a wand of mindburst (19) (quivered)
Scrolls
 h - a scroll of blinking
 j - a scroll of holy word {unknown}
 k - a scroll of torment {unknown}
 m - a scroll of immolation {unknown}
 n - a scroll of identify {unknown}
Potions
 c - 3 potions of curing
 d - 2 potions of heal wounds
 e - a potion of haste
 f - 2 potions of magic
 g - 2 potions of berserk rage
 i - a potion of degeneration {unknown}
 l - 4 potions of mutation
 o - a potion of cancellation {unknown}
 p - a potion of flight {unknown}
Miscellaneous
 r - a box of beasts


   Skills:
 + Level 14.8 Fighting
 + Level 14.8 Axes
 - Level 2.4 Armour
 + Level 5.3 Dodging
 + Level 9.1 Evocations


You had 8 spell levels left.
You didn't know any spells.
Your spell library was empty.

Dungeon Overview and Level Annotations

Branches:
Dungeon (1/1)

Altars:
Cheibriados
Dithmenos
Elyvilon
Fedhas
Gozag
Hepliaklqana
Kikubaaqudgha
Makhleb
Nemelex Xobeh
Okawaru
Qazlal
Ru
Sif Muna
Trog
Uskayaw
Vehumet
Wu Jian
Xom
Yredelemnul
Zin
The Shining One
Beogh
Jiyva
Lugonu


Innate Abilities, Weirdness & Mutations

You have a pair of horns on your head.
You reflexively headbutt those who attack you in melee.


Message History

The orc knight shoots a bolt.
The bolt hits you!
A red film seems to cover your vision as you go berserk!
You feel yourself moving faster!
You feel mighty!
The orc knight shoots a bolt.
The bolt hits you!!
* * * LOW HITPOINT WARNING * * *
You closely miss the orc warrior. You headbutt the orc warrior!!
The orc warrior is severely wounded.
You slash the orc warrior! You burn the orc warrior.
You kill the orc warrior!
Trog accepts your kill.
The orc knight shoots a bolt.
The bolt completely misses you.
The orc high priest hits you from afar with a +0 trident.
* * * LOW HITPOINT WARNING * * *
The orc knight unwields a +0 arbalest.
The orc knight wields a +0 great sword.
The orc knight hits you with a +0 great sword!
* * * LOW HITPOINT WARNING * * *
There is an open door, spattered with blood here.
Things that are here:
a +4 broad axe; a +0 chain mail; 987 gold pieces You slash the orc knight!
You burn the orc knight. You headbutt the orc knight!
The orc knight is heavily wounded.
You slash the orc high priest! You burn the orc high priest.
The orc high priest calls upon Beogh to heal the orc knight.
The orc knight is healed somewhat.
You closely miss the orc knight.
The orc knight is heavily wounded.
You slash the orc high priest! You burn the orc high priest.
The orc knight completely misses you. You furiously retaliate!
You headbutt the orc knight.
The orc high priest completely misses you.
You furiously retaliate!
You headbutt the orc high priest! You slash the orc knight!
You burn the orc knight.
The orc knight is severely wounded.
You closely miss the orc high priest. You slice the orc knight!!
You burn the orc knight. Your headbutt misses the orc knight.
The orc knight is almost dead.
You barely miss the orc high priest.
The orc knight hits you with a +0 great sword!!
You die...

▓▓▓ ▓▓ ▓▓ ##.############ $$
.. ####..#___#___#__##$##o
#..#..#...#__)#._#$..o
#..#..###'#'###)##...
##'#..#...)......#o.
###...'.⌠.)..)...#o#
###...#..)######@#.#
##....#.⌠.#__#.oo#4########
#.....#)..#__#...#....#.#.
†.....#)###__#..)##.#).#.#
#.....#.::#__#...)##.#.#.#
##....#___#__'...#)..#..#..#
▓▓▓▓▓▓▓▓▓▓▓▓▓▓▓▓▓▓▓▓▓▓▓▓▓▓▓


You could see an orc knight and an orc high priest.

Vanquished Creatures
  An orc high priest (D)
  A deep elf pyromancer (D)
  A shadow (D)
  A spatial vortex (D)
  An orc warrior (D)
  A necrophage (D)
  3 two-headed ogres (D)
  A water elemental (D)
  A jelly (D)
  2 orc priests (D)
  A wizard (D)
  A necromancer (D)
  An orc wizard (D)
  3 humans (D)
  A kobold demonologist (D)
  A wolf (D)
  6 orcs (D)
  An endoplasm (D)
  3 rats (D)
31 creatures vanquished.

Vanquished Creatures (others)
  5 plants (D)
5 creatures vanquished.

Grand Total: 36 creatures vanquished

Notes
Turn   | Place    | Note
-------+----------+-------------------------------------------
     0 | D        | MikeHunt the Minotaur Berserker began the quest for the
                  | Orb.
     0 | D        | Reached XP level 1. HP: 19/19 MP: 0/0
    26 | D        | Reached ** piety under Trog
    43 | D        | Reached skill level 5 in Fighting
    43 | D        | Reached skill level 5 in Axes
    43 | D        | Reached XP level 2. HP: 30/30 MP: 1/1
    48 | D        | Reached XP level 3. HP: 25/38 MP: 2/2
   213 | D        | Noticed a water elemental
   220 | D        | Killed a water elemental
   220 | D        | Reached *** piety under Trog
   221 | D        | Reached XP level 4. HP: 48/48 MP: 3/3
   337 | D        | Found a basalt altar of Yredelemnul.
   337 | D        | Found a shadowy altar of Dithmenos.
   337 | D        | Found a sacrificial altar of Ru.
   337 | D        | Noticed a necrophage
   342 | D        | Killed a necrophage
   343 | D        | Reached XP level 5. HP: 58/58 MP: 4/4
   345 | D        | Reached skill level 10 in Fighting
   345 | D        | Reached skill level 10 in Axes
   394 | D        | Found a hide-covered altar of Uskayaw.
   394 | D        | Found an iron altar of Okawaru.
   395 | D        | Found a bloodstained altar of Trog.
   395 | D        | Found an ornate altar of the Wu Jian Council.
   395 | D        | Noticed a human
   395 | D        | Noticed a human
   399 | D        | Killed a human
   399 | D        | Reached **** piety under Trog
   400 | D        | Reached XP level 6. HP: 68/68 MP: 5/5
   403 | D        | Killed a human
   445 | D        | Found a glowing silver altar of Zin.
   445 | D        | Found a glowing golden altar of the Shining One.
   445 | D        | Found a white marble altar of Elyvilon.
   445 | D        | Noticed a deep elf pyromancer
   448 | D        | Noticed a fire elemental
   448 | D        | Noticed a fire elemental
   459 | D        | Killed a deep elf pyromancer
   460 | D        | Reached XP level 7. HP: 27/79 MP: 6/6
   665 | D        | Found a radiant altar of Vehumet.
   668 | D        | Reached ***** piety under Trog
   669 | D        | Found a shimmering blue altar of Sif Muna.
   669 | D        | Found an ancient bone altar of Kikubaaqudgha.
   723 | D        | Noticed a shadow
   735 | D        | Killed a shadow
   736 | D        | Reached XP level 8. HP: 86/86 MP: 7/7
   831 | D        | Found a blossoming altar of Fedhas.
   831 | D        | Found a stormy altar of Qazlal.
   831 | D        | Found a snail-covered altar of Cheibriados.
   831 | D        | Found a burning altar of Makhleb.
   831 | D        | Found a shimmering altar of Xom.
   832 | D        | Found a hazy altar of Hepliaklqana.
   832 | D        | Found an opulent altar of Gozag.
   832 | D        | Found a sparkling altar of Nemelex Xobeh.
   832 | D        | Found a corrupted altar of Lugonu.
   832 | D        | Found a viscous altar of Jiyva.
   899 | D        | Received a gift from Trog
  1033 | D        | Noticed an orc high priest
  1035 | D        | Noticed a hellwing
  1069 | D        | Killed an orc high priest
  1070 | D        | Reached XP level 9. HP: 93/96 MP: 8/8
  1156 | D        | Received a gift from Trog
  1181 | D        | Reached skill level 5 in Dodging
  1198 | D        | Noticed an orc knight
  1198 | D        | Noticed an orc high priest
  1199 | D        | Noticed a hellwing
  1225 | D        | Demolished by an orc knight

Illustrated notes

Levels and vault maps discovered:
D:        dungeon_sprint_mu [sprint_mu_entry_cave, sprint_mu_temple_rooms,
          sprint_mu_d1_spiders, sprint_mu_d2_genie, sprint_mu_d3_branching,
          sprint_mu_orc_legion, sprint_mu_elf_gauntlet, sprint_mu_hive_nellie,
          sprint_mu_lair_fedhas, sprint_mu_vaults_butterflies,
          sprint_mu_slime_circle, sprint_mu_swamp_cave, sprint_mu_snake_twists,
          sprint_mu_blade_basic, sprint_mu_crypt_fortress,
          sprint_mu_tomb_spiral, sprint_mu_vestibule_basic,
          sprint_mu_gehenna_hellfire, sprint_mu_dis_giant,
          sprint_mu_tartarus_statrot, sprint_mu_cocytus_islands, sprint_mu_zot1]

Skill      XL: |  1  2  3  4  5  6  7  8  9 |
---------------+----------------------------+-----
Fighting       | 5 6 8 9 11 13 14 | 14.8
Axes           | 5 6 8 9 11 13 14 | 14.8
Evocations     | 3 6 7 8 9 |  9.1
Dodging        | 4 5 |  5.3
Armour         | |  2.4

Action                   |  1- 3 |  4- 6 |  7- 9 || total
-------------------------+-------+-------+-------++-------
Melee: Hand axe          |    15 |    23 |    26 ||    64
       Headbutt          |     5 |     5 |    11 ||    21
       Battleaxe         |       |       |    29 ||    29
Invok: Berserk           |     2 |     3 |     7 ||    12
       Trog's Hand       |       |       |     1 ||     1
Evoke: Wand              |       |       |     1 ||     1
Armor: Animal skin       |       |     5 |     2 ||     7
Dodge: Dodged            |     7 |     4 |    25 ||    36

Table legend: (Time is in decaauts)
 A = Elapsed time spent in this place.
 B = Non-inter-level travel time spent in this place.
 C = Inter-level travel time spent in this place.
 D = Time resting spent in this place.
 E = Time spent auto-exploring this place.
 F = Levels seen in this place.
 G = Mean time per level.
                   A        B        C        D        E       F      G
               +--------+--------+--------+--------+--------+-----+--------+
         Total |   1312 |   1312 |      0 |    962 |      0 |   1 | 1312.0 |
       Dungeon |   1312 |   1312 |      0 |    962 |      0 |   1 | 1312.0 |
               +--------+--------+--------+--------+--------+-----+--------+

Top non-repeatable levels by time:
       D: 1312 daAuts
